 Dungeon Crawl Stone Soup version 0.17-a0-1129-g5854844 (webtiles) character file.

3550 Hanyuu the Martial Artist (level 10, -7/60 HPs)
             Began as an Octopode Transmuter on May 24, 2015.
             Was a Priest of Makhleb.
             Mangled by an unseen horror (9 damage)
             ... on level 8 of the Dungeon on May 25, 2015.
             The game lasted 00:27:24 (7042 turns).

Hanyuu the Martial Artist (Octopode Transmuter)     Turns: 7042, Time: 00:27:24

Health: -7/60      AC:  2    Str:  9    XL:     10   Next: 9%
Magic:  12/14      EV: 25    Int: 21    God:    Makhleb [***...]
Gold:   450        SH:  0    Dex: 19    Spells: 5 memorised, 6 levels left

rFire  + . .     SeeInvis .       - Unarmed
rCold  x . .     Clarity  .     (shield currently unavailable)
rNeg   . . .     SustAt   .     (helmet currently unavailable)
rPois  x         Gourm    .     r - amulet of regeneration
rElec  .         Spirit   .     f - ring of fire
rCorr  .         Warding  .     n - +3 ring of intelligence
rMut   .         Stasis   .     (no ring)
MR     .....                    (no ring)
Stlth  ++........               (no ring)
                                (no ring)
                                (no ring)
                                (no ring)

@: spider-form, hasted, very quick, not resistant to hostile enchantments,
unstealthy
A: almost no armour, amphibious, 8 rings, (constrict 8), (camouflage 0),
(gelatinous body 0)
a: End Transformation, Minor Destruction, Lesser Servant of Makhleb, Renounce
Religion


You were on level 8 of the Dungeon.
You worshipped Makhleb.
Makhleb was most pleased with you.
You were not hungry.
You were a venomous arachnid creature.
You visited 2 branches of the dungeon, and saw 9 of its levels.

You collected 450 gold pieces.

Inventory:

Hand weapons
 b - a +2 blowgun
Missiles
 i - 3 poisoned needles
 j - 11 tomahawks (quivered)
 u - 5 needles of confusion
 w - 61 arrows
Armour
 s - a +1 hat (melded)
Jewellery
 f - a ring of fire (left front leg)
 n - a +3 ring of intelligence (right front leg)
 r - an amulet of regeneration (around neck)
Magical devices
 x - a wand of enslavement (23)
 E - a wand of fire (9)
Scrolls
 e - 4 scrolls of remove curse
 p - a scroll of summoning {unknown}
 y - a scroll of magic mapping
Potions
 d - 5 potions of agility
 g - a potion of might {unknown}
 m - 3 potions of haste
 o - a potion of mutation {unknown}
 q - 5 potions of brilliance
 v - 3 potions of curing
 C - a potion of poison {unknown}
Books
 t - a book of Callings

   Spells                             Type                      Level
   a - Summon Small Mammal            Summoning                    1
   b - Call Imp                       Summoning                    2
   c - Call Canine Familiar           Summoning                    3
   d - Summon Guardian Golem          Hexes/Summoning              3
   e - Summon Lightning Spire         Summoning/Air                4
   f - Summon Ice Beast               Ice/Summoning                4
 A - a book of Changes

   Spells                             Type                      Level
   a - Beastly Appendage              Transmutation                1
   b - Sticks to Snakes               Transmutation                2
   c - Spider Form                    Transmutation/Poison         3
   d - Ice Form                       Ice/Transmutation            4
   e - Blade Hands                    Transmutation                5
 B - a book of Battle

   Spells                             Type                      Level
   a - Infusion                       Charms                       1
   b - Shroud of Golubria             Charms/Translocation         2
   c - Song of Slaying                Charms                       2
   d - Spectral Weapon                Hexes/Charms                 3
   e - Regeneration                   Charms/Necromancy            3
Comestibles
 a - 7 chunks of flesh
 c - 8 bread rations
 h - 3 beef jerkies
 k - 3 meat rations
 D - a slice of pizza


   Skills:
 + Level 2.0 Fighting
 - Level 2.0 Throwing
 - Level 6.0 Dodging
 * Level 10.3 Unarmed Combat
 - Level 3.0 Spellcasting
 - Level 1.1 Charms
 + Level 7.1 Transmutations
 - Level 2.0 Invocations


You had 6 spell levels left.
You knew the following spells:

 Your Spells              Type           Power        Failure   Level  Hunger
a - Beastly Appendage     Trmt           ####..       4%          1    None
b - Sticks to Snakes      Trmt           ####......   6%          2    ##.....
c - Spider Form           Trmt/Pois      ###.......   28%         3    ###....
d - Shroud of Golubria    Chrm/Tloc      #.........   36%         2    ##.....
e - Infusion              Chrm           #.....       28%         1    None


Dungeon Overview and Level Annotations

Branches:
Dungeon (8/15)             Temple (1/1) D:5
   Lair: D:8-11

Altars:
Ashenzari
Fedhas
Kikubaaqudgha
Makhleb
Nemelex Xobeh
Okawaru
Qazlal
Ru
Sif Muna
Trog
Vehumet
Xom
Yredelemnul
Zin
The Shining One

Shops:
D:4 (   D:6 =


Innate Abilities, Weirdness & Mutations

You cannot wear most types of armour.
You are amphibious.
You can wear up to eight rings at the same time.
((You can use your tentacles to constrict eight enemies at once.))
((Your skin changes colour to match your surroundings (Stealth).))
((Your rubbery body absorbs attacks (AC +1).))


Message History

Something hits you. Something completely misses you.
You bite something! Something misses you. Something closely misses you.
You closely miss something. Something barely misses you.
You bite something! Something hits you. Something barely misses you.
Something hits you!
* * * LOW HITPOINT WARNING * * *
Something hits you!
* * * LOW HITPOINT WARNING * * *
Something hits you.
* * * LOW HITPOINT WARNING * * *
You miss something. Something hits you.
* * * LOW HITPOINT WARNING * * *
Something completely misses you. Something hits you.
* * * LOW HITPOINT WARNING * * *
Something hits you but does no damage. Something hits you.
* * * LOW HITPOINT WARNING * * *
Drink which item? (? for menu, Esc to quit)
You feel yourself speed up. Something hits you!
You die...

####### ########.....# ##
#.....##.###.# .# #.###.##.###s#
....[ .# ##.....##.##..# ..... .#
#.........##.(# .....
.###.####........# .....
...#.####+###.#..# .....
......#.....#.#..# .....
....)............# #....
.##.##......###### ######### #.#
.##.##......#########.......###..


There were no monsters in sight!

Vanquished Creatures
  Sigmund (D:2)
  2 hippogriffs
  Grum (D:7)
  3 wolves
  A sky beast (D:7)
  An ice beast (D:6)
  A phantom (D:6)
  A black bear (D:8)
  4 ogres (D:7)
  An orc warrior (D:7)
  2 centaurs (D:7)
  6 giant frogs
  A big kobold (D:7)
  4 scorpions
  A water moccasin skeleton (D:7)
  4 wights (D:8)
  A crimson imp (D:5)
  A jelly (D:6)
  3 hounds
  3 orc wizards
  3 orc priests
  A centaur skeleton (D:5)
  7 worker ants
  A hound zombie (D:8)
  6 adders
  A shadow imp (D:7)
  2 oozes (D:3)
  An adder skeleton (D:4)
  5 worms
  14 giant geckos
  14 orcs
  A bat skeleton (D:7)
  6 giant cockroaches
  14 hobgoblins
  8 jackals
  4 quokkas
  A ball python (D:2)
  23 bats
  A giant gecko skeleton (D:4)
  7 giant newts
  10 goblins
  21 kobolds
  A quokka zombie (D:4)
  9 rats
  3 fungi (D:1)
206 creatures vanquished.

Notes
Turn   | Place    | Note
--------------------------------------------------------------
     0 | D:1      | Hanyuu the Octopode Transmuter began the quest for the Orb.
     0 | D:1      | Reached XP level 1. HP: 13/13 MP: 3/3
   400 | D:1      | Reached XP level 2. HP: 16/18 MP: 5/5
   466 | D:1      | Learned a level 2 spell: Sticks to Snakes
   598 | D:1      | Reached skill level 4 in Unarmed Combat
   751 | D:1      | Reached XP level 3. HP: 23/23 MP: 6/6
   756 | D:1      | Learned a level 3 spell: Spider Form
  1264 | D:2      | Reached XP level 4. HP: 4/28 MP: 7/7
  1266 | D:2      | HP: 1/28 [bat (1)]
  1524 | D:2      | Noticed Sigmund
  1658 | D:2      | Killed Sigmund
  1658 | D:2      | Reached skill level 6 in Unarmed Combat
  1658 | D:2      | Reached XP level 5. HP: 33/33 MP: 5/8
  1658 | D:2      | Reached XP level 6. HP: 38/38 MP: 5/9
  1785 | D:2      | Found a sacrificial altar of Ru.
  2497 | D:3      | Found a basalt altar of Yredelemnul.
  2691 | D:3      | Reached skill level 7 in Unarmed Combat
  3014 | D:4      | Found Eteaw Etra's Antique Weapon Emporium.
  3712 | D:5      | Entered Level 5 of the Dungeon
  3850 | D:5      | Reached XP level 7. HP: 20/44 MP: 1/10
  4127 | D:5      | Found a staircase to the Ecumenical Temple.
  4151 | Temple   | Entered the Ecumenical Temple
  4169 | Temple   | Became a worshipper of Makhleb the Destroyer
  4569 | D:6      | Reached skill level 1 in Throwing
  4631 | D:6      | Reached XP level 8. HP: 34/50 MP: 9/11
  4719 | D:6      | Learned a level 2 spell: Shroud of Golubria
  4721 | D:6      | Learned a level 1 spell: Infusion
  4751 | D:6      | Found Xoarph's Jewellery Emporium.
  4804 | D:6      | Found a blossoming altar of Fedhas.
  4935 | D:6      | Found a radiant altar of Vehumet.
  5280 | D:7      | Acquired Makhleb's first power
  5288 | D:7      | Reached skill level 1 in Charms
  5288 | D:7      | Reached skill level 5 in Transmutations
  5363 | D:7      | Reached skill level 8 in Unarmed Combat
  5398 | D:7      | Found a shattered altar of Ashenzari.
  5552 | D:7      | Reached XP level 9. HP: 35/54 MP: 11/13
  5636 | D:7      | Reached skill level 1 in Invocations
  5705 | D:7      | Acquired Makhleb's second power
  5961 | D:7      | Found an ancient bone altar of Kikubaaqudgha.
  6168 | D:7      | Reached skill level 9 in Unarmed Combat
  6481 | D:8      | Reached skill level 5 in Dodging
  6614 | D:8      | Noticed Grum
  6630 | D:8      | Acquired Makhleb's third power
  6734 | D:7      | Killed Grum
  6734 | D:7      | Reached skill level 10 in Unarmed Combat
  6794 | D:8      | Reached XP level 10. HP: 60/60 MP: 11/14
  7040 | D:8      | HP: 3/60 [something (6)]
  7041 | D:8      | HP: 1/60 [something (2)]
  7042 | D:8      | Mangled by an unseen horror

Vault maps used:
D:1:      evilmike_arrival_hilbert_curve, minmay_gold_behind_fungi,
          minmay_misc_feat_plants, minmay_parallelograms
D:2:      nicolae_overflow_hidden_temple, minmay_bisected, uniq_sigmund
D:3:      lemuel_coloured_pillars_altar, first_bread
D:4:      serial_shops, shop
D:5:      temple_fountains, minmay_misc_feat_pillars, st_stairs_4,
          kennysheep_dice
D:6:      kennysheep_mini_moat, kennysheep_mini, serial_shops, shop
D:7:      lemuel_crystal_altar, kennysheep_little_box
D:8:      special_room, uniq_grum
Temple:   circular_temple_12

Action                   |  1- 3 |  4- 6 |  7- 9 | 10-12 || total
-------------------------+-------+-------+-------+-------++-------
Melee: Unarmed           |   125 |   135 |   324 |    11 ||   595
 Fire: Blowgun           |       |       |    21 |     8 ||    29
 Cast: Beastly Appendage |     3 |     1 |     4 |       ||     8
       Spider Form       |       |     3 |    14 |     2 ||    19
  Use: Potion            |       |     2 |       |     2 ||     4
       Scroll            |       |     5 |    11 |     1 ||    17
 Stab: Sleeping          |    12 |     9 |     8 |     1 ||    30
       Distracted        |       |       |     3 |     1 ||     4
  Eat: Chunk             |     1 |     9 |    15 |     1 ||    26
